 Dungeon Sprint DCSS version 0.22-a0-367-gb72a975 (webtiles) character file.

20643 KristoblXynda the Brawler (level 12, -3/133 HPs)
             Began as a Troll Monk on Apr 22, 2018.
             Was the Champion of Jiyva.
             Slain by a nagaraja (5 damage)
             ... in the Dungeon (Sprint III: "The Ten Rune Challenge").
             The game lasted 00:16:00 (2476 turns).

KristoblXynda the Brawler (Troll Monk)              Turns: 2476, Time: 00:16:00

Health: -3/133     AC: 13    Str: 20    XL:     12   Next: 47%
Magic:  19/19      EV: 13    Int: 10    God:    Jiyva [******]
Gold:   888        SH:  4    Dex: 12    Spells: 11/11 levels left

rFire    . . .     SeeInvis .     - Unarmed
rCold    + . .     Gourm    +   (no shield)
rNeg     . . .     Faith    .   a - +0 robe
rPois    .         Spirit   .   c - +2 hat {MR+}
rElec    .         Reflect  .   k - +0 cloak
rCorr    +         Harm     .   (gloves unavailable)
MR       +....     NoTele   +   (boots unavailable)
Stlth    ++++......             (no amulet)
HPRegen  0.72/turn              (no ring)
MPRegen  0.16/turn              (no ring)

@: lethally poisoned (-3 -> -3), constricted
A: large, unfitting armour, claws 3, hooves 1, large bone plates 1, molten
scales 1, yellow scales 1, blurry vision 1, clumsy 1, cold resistance 1, fast
metabolism 3, gourmand, high mp 1, sense surroundings 1, regeneration 1, shaggy
fur 1, tough skin 2, acidic bite, translucent skin 1, evolution 1, tendrils,
jelly sensing items, MP-powered wands
a: Request Jelly, Slimify, Cure Bad Mutation, Renounce Religion


You were in the Dungeon.
You worshipped Jiyva.
Jiyva was exalted by your worship.
You were completely stuffed.

You visited 1 branch You collected 888 gold pieces.

Inventory:

Armour
 a - a +0 robe (worn)
 c - a +2 hat of magic resistance (worn)
 k - a +0 cloak (worn)
Wands
 d - a wand of enslavement (3)
Scrolls
 j - a scroll of magic mapping {unknown}
 l - a scroll of holy word
 m - a scroll of identify {unknown}
 n - a scroll of remove curse
 p - a scroll of enchant weapon {unknown}
Potions
 e - a potion of haste
 f - 2 potions of magic
 h - 3 potions of might
 i - a potion of brilliance {unknown}
 o - 2 potions of flight
 q - 2 potions of mutation
Miscellaneous
 g - a fan of gales (inert)
Comestibles
 b - 10 rations
 r - a chunk of flesh


   Skills:
 + Level 12.4 Fighting
 + Level 9.7 Armour
 + Level 12.4 Dodging
 + Level 7.5 Stealth
 + Level 16.5 Unarmed Combat
 + Level 8.9 Evocations


You had 11 spell levels left.
You didn't know any spells.

Dungeon Overview and Level Annotations

Branches:
Dungeon (1/1)

Altars:
Cheibriados
Dithmenos
Elyvilon
Fedhas
Gozag
Hepliaklqana
Kikubaaqudgha
Makhleb
Nemelex Xobeh
Okawaru
Qazlal
Ru
Sif Muna
Trog
Uskayaw
Vehumet
Wu Jian
Xom
Yredelemnul
Zin
The Shining One
Beogh
Jiyva
Lugonu

Shops:
D }


Innate Abilities, Weirdness & Mutations

You are too large for most types of armour.
You have claws for hands.
Your metabolism is lightning-fast.
You like to eat raw meat.
Your natural rate of healing is unusually fast.
You are covered in fur. (AC +1)
You have very tough skin. (AC +2)
You have large cloven feet.
You are partially covered in large bone plates. (SH +4)
You are partially covered in molten scales. (AC +2)
You are partially covered in yellow scales. (AC +2)
Scrolls take you a little longer to read.
You are clumsy. (Dex -2)
Your flesh is cold resistant. (rC+)
You have an increased reservoir of magic. (+10% MP)
You passively map a small area around you.
You have acidic saliva.
Your translucent skin slightly reduces your foes' accuracy. (Stealth)
You evolve.
You are covered in slimy tendrils that may disarm your opponents.
You have a small jelly attached to you that senses nearby items.
You expend magic power (3 MP) to strengthen your wands.


Message History

Okay, then.
Evoke which item? (* to show all) (? for menu, Esc to quit)
A fierce wind blows from the fan.
The jelly and the naga warrior are blown away by the wind.
You feel sick. The naga spits poison at you. The splash of poison hits you!
You are more poisoned.
* * * LOW HITPOINT WARNING * * *
The nagaraja hits you!
* * * LOW HITPOINT WARNING * * *
x2 The nagaraja constricts you.
You hear a distant "Zot"!
Unknown command.
Really read with blurry vision while enemies are nearby?
Okay, then.
Okay, then.
Really read with blurry vision while enemies are nearby?
The naga closely misses you. The nagaraja hits you.
You die...

#...J........# ≈
≈ ###########..#
, ≈ *
##...........#*
, #........J..##
, #..##########
, , *
#...........##*≈
##...J...J...# ≈
≈ ,,*
##########N.# ,
N......N.@# ,
........N## , *
########## ≈ ∩ ,
∆ , ∆ ≈ * * * *
* * * , , , * *
,


You could see a naga warrior, a nagaraja, a naga and a neutral jelly (fellow
slime).

Vanquished Creatures
  Gastronok (D)
  2 dire elephants (D)
  Josephine (D)
  3 anacondas (D)
  A centaur warrior (D)
  4 death yaks (D)
  Urug (D)
  2 unseen horrors (D)
  A lindwurm (D)
  An orc knight (D)
  5 deep elf magi (D)
  An orc sorcerer (D)
  2 elephants (D)
  2 spiny frogs (D)
  A rime drake (D)
  A komodo dragon (D)
  A queen bee (D)
  2 tyrant leeches (D)
  3 wandering mushrooms (D)
  6 blink frogs (D)
  A shadow (D)
  3 redbacks (D)
  A spatial vortex (D)
  A naga (D)
  A water moccasin (D)
  4 orc warriors (D)
  A necrophage (D)
  A swamp drake (D)
  A swamp drake (shapeshifter) (D)
  2 centaurs (D)
  An earth elemental (D)
  A water elemental (D)
  27 killer bees (D)
  A jelly (D)
  3 orc priests (D)
  Crazy Yiuf (D)
  A wizard (D)
  Jessica (D)
  A necromancer (D)
  A kobold demonologist (D)
  3 humans (D)
  An adder (D)
  2 oozes (D)
  7 orcs (D)
  A rat (D)
109 creatures vanquished.

Vanquished Creatures (collateral kills)
  A deep elf knight (D)
  A black mamba (D)
  6 water moccasins (D)
  4 adders (D)
12 creatures vanquished.

Vanquished Creatures (others)
  Rupert (D)
  2 draconian scorchers (D)
  4 anacondas (D)
  5 black mambas (D)
  A molten gargoyle (D)
  6 hellions (D)
  2 yaktaurs (D)
  A spriggan defender (D)
  2 blink frogs (D)
  3 orc high priests (D)
  A water moccasin (D)
  5 killer bees (D)
  32 jellies (D)
  An orc priest (D)
  An adder (D)
  3 ball lightnings (D)
  An orc (D)
  8 ballistomycetes (D)
  5 ballistomycete spores (D)
  4 bushes (D)
  28 plants (D)
116 creatures vanquished.

Grand Total: 237 creatures vanquished

Notes
Turn   | Place    | Note
-------+----------+-------------------------------------------
     0 | D        | KristoblXynda the Troll Monk began the quest for the Orb.
     0 | D        | Reached XP level 1. HP: 22/22 MP: 0/0
     9 | D        | Reached skill level 4 in Unarmed Combat
     9 | D        | Reached XP level 2. HP: 31/31 MP: 1/1
    14 | D        | Noticed Jessica
    18 | D        | Killed Jessica
    18 | D        | Reached skill level 5 in Unarmed Combat
    18 | D        | Reached XP level 3. HP: 35/37 MP: 2/2
    62 | D        | Noticed Crazy Yiuf
    73 | D        | Killed Crazy Yiuf
    73 | D        | Reached skill level 6 in Unarmed Combat
   107 | D        | Gained mutation: You are frail. (-10% HP) [potion of mutation]
   107 | D        | Gained mutation: You have a pair of small horns on your head. [potion of mutation]
   109 | D        | Lost mutation: You are frail. (-10% HP) [potion of mutation]
   109 | D        | Lost mutation: You have a pair of small horns on your head. [potion of mutation]
   109 | D        | Gained mutation: You occasionally shout uncontrollably at your foes. [potion of mutation]
   109 | D        | Gained mutation: Your flesh is heat resistant. (rF+) [potion of mutation]
   109 | D        | Gained mutation: You expend magic power (3 MP) to strengthen your wands. [potion of mutation]
   109 | D        | Gained mutation: Your flesh is cold resistant. (rC+) [potion of mutation]
   110 | D        | Lost mutation: You expend magic power (3 MP) to strengthen your wands. [potion of mutation]
   110 | D        | Lost mutation: Your flesh is heat resistant. (rF+) [potion of mutation]
   110 | D        | Lost mutation: Your flesh is cold resistant. (rC+) [potion of mutation]
   110 | D        | Gained mutation: You have large cloven feet. [potion of mutation]
   110 | D        | Lost mutation: You occasionally shout uncontrollably at your foes. [potion of mutation]
   110 | D        | Gained mutation: Armour fits poorly on your strangely shaped body. [potion of mutation]
   110 | D        | Gained mutation: You are partially covered in rugged brown scales. (AC +1, +3% HP) [potion of mutation]
   110 | D        | Killed a hellion
   110 | D        | Killed a hellion
   112 | D        | Lost mutation: You are partially covered in rugged brown scales. (AC +1, +3% HP) [potion of mutation]
   112 | D        | Lost mutation: Armour fits poorly on your strangely shaped body. [potion of mutation]
   112 | D        | Lost mutation: You have large cloven feet. [potion of mutation]
   112 | D        | Gained mutation: You are partially covered in rugged brown scales. (AC +1, +3% HP) [potion of mutation]
   112 | D        | Gained mutation: You can translocate small distances at will. [potion of mutation]
   120 | D        | Killed a yaktaur
   131 | D        | Reached XP level 4. HP: 40/49 MP: 3/3
   151 | D        | Noticed a water elemental
   161 | D        | HP: 2/49 [drowned by a water elemental (7)]
   163 | D        | Killed a water elemental
   163 | D        | Reached skill level 7 in Unarmed Combat
   163 | D        | Reached XP level 5. HP: 20/56 MP: 4/4
   192 | D        | Killed a hellion
   203 | D        | Killed a hellion
   214 | D        | Killed a hellion
   214 | D        | Killed a hellion
   228 | D        | Found a radiant altar of Vehumet.
   228 | D        | Found a deep blue altar of Sif Muna.
   228 | D        | Found an ancient bone altar of Kikubaaqudgha.
   235 | D        | Reached skill level 5 in Fighting
   235 | D        | Reached skill level 5 in Dodging
   235 | D        | Reached skill level 8 in Unarmed Combat
   237 | D        | Noticed a chaos spawn
   260 | D        | Found a basalt altar of Yredelemnul.
   260 | D        | Found a shadowy altar of Dithmenos.
   260 | D        | Found a sacrificial altar of Ru.
   260 | D        | Noticed a necrophage
   264 | D        | Killed a necrophage
   264 | D        | Reached skill level 9 in Unarmed Combat
   264 | D        | Reached XP level 6. HP: 61/68 MP: 5/5
   268 | D        | Killed a white draconian scorcher
   274 | D        | Found a glowing silver altar of Zin.
   274 | D        | Found a glowing golden altar of the Shining One.
   274 | D        | Found a white marble altar of Elyvilon.
   274 | D        | Noticed a deep elf mage
   283 | D        | Killed a white draconian scorcher
   284 | D        | Noticed a rust devil
   289 | D        | Killed a deep elf mage
   289 | D        | Reached skill level 11 in Unarmed Combat
   289 | D        | Reached XP level 7. HP: 32/79 MP: 6/6
   577 | D        | Found a hide-covered altar of Uskayaw.
   577 | D        | Found an iron altar of Okawaru.
   580 | D        | Found a roughly hewn altar of Beogh.
   580 | D        | Found a bloodstained altar of Trog.
   580 | D        | Found an ornate altar of the Wu Jian Council.
   580 | D        | Noticed a human
   580 | D        | Noticed a human
   603 | D        | Killed a human
   603 | D        | Reached skill level 12 in Unarmed Combat
   605 | D        | Killed a human
   685 | D        | Noticed a shadow
   693 | D        | Reached XP level 8. HP: 57/89 MP: 7/7
   829 | D        | Found a blossoming altar of Fedhas.
   829 | D        | Found a stormy altar of Qazlal.
   830 | D        | Found a snail-covered altar of Cheibriados.
   830 | D        | Found a burning altar of Makhleb.
   830 | D        | Found a hazy altar of Hepliaklqana.
   830 | D        | Found a shimmering altar of Xom.
   830 | D        | Found an opulent altar of Gozag.
   830 | D        | Found a sparkling altar of Nemelex Xobeh.
   830 | D        | Found a corrupted altar of Lugonu.
   830 | D        | Found a viscous altar of Jiyva.
   842 | D        | Became a worshipper of Jiyva Jismyoh the Shapeless
   842 | D        | Reached * piety under Jiyva
   842 | D        | Reached ** piety under Jiyva
   852 | D        | Reached skill level 13 in Unarmed Combat
   898 | D        | Reached *** piety under Jiyva
   916 | D        | Noticed Josephine
   921 | D        | Killed Josephine
   921 | D        | Reached XP level 9. HP: 98/98 MP: 7/9
   931 | D        | Reached **** piety under Jiyva
   931 | D        | Gained mutation: You have a small jelly attached to you that senses nearby items. [Jiyva's grace]
   934 | D        | Reached ***** piety under Jiyva
   934 | D        | Lost mutation: You have a small jelly attached to you that senses nearby items. [Jiyva's grace]
   936 | D        | Found Agoronia's Gadget Boutique.
   937 | D        | Gained mutation: You have a pair of small horns on your head. [Jiyva's grace]
   948 | D        | Noticed an orc knight
   948 | D        | Gained mutation: Your body has grown golden eyes which may confuse attackers. (Acc +3) [Jiyva's grace]
   948 | D        | Reached ****** piety under Jiyva
   952 | D        | Gained mutation: Your mind is acute. (Int +2) [Jiyva's grace]
   954 | D        | Noticed an orc sorcerer
   961 | D        | Killed an orc knight
   968 | D        | Gained mutation: You expend magic power (3 MP) to strengthen your wands. [Jiyva's grace]
   969 | D        | Killed an orc sorcerer
   973 | D        | Gained mutation: You have a pair of horns on your head. [Jiyva's grace]
   974 | D        | Lost mutation: Your mind is acute. (Int +2) [Jiyva's grace]
   974 | D        | Gained mutation: You have a somewhat thin skeletal structure. (Dex +2, Stealth) [Jiyva's grace]
   976 | D        | Lost mutation: You have a somewhat thin skeletal structure. (Dex +2, Stealth) [Jiyva's grace]
   979 | D        | Gained mutation: You are clumsy. (Dex -2) [Jiyva's grace]
   979 | D        | Gained mutation: You have a small jelly attached to you that may absorb incoming projectiles. [Jiyva's grace]
   979 | D        | Gained mutation: You are covered in slimy tendrils that may disarm your opponents. [Jiyva's grace]
   979 | D        | Gained mutation: Your body has grown many golden eyes which may confuse attackers. (Acc +5) [Jiyva's grace]
   979 | D        | Gained mutation: Your flesh is cold resistant. (rC+) [Jiyva's grace]
   979 | D        | Gained mutation: You have a pair of large horns on your head. [Jiyva's grace]
   979 | D        | Lost mutation: You expend magic power (3 MP) to strengthen your wands. [Jiyva's grace]
   979 | D        | Lost mutation: Your body has grown many golden eyes which may confuse attackers. (Acc +5) [Jiyva's grace]
   980 | D        | Gained mutation: You passively map a small area around you. [Jiyva's grace]
   981 | D        | Lost mutation: Your flesh is cold resistant. (rC+) [Jiyva's grace]
   981 | D        | Lost mutation: You have a pair of large horns on your head. [Jiyva's grace]
   981 | D        | Lost mutation: You have a pair of horns on your head. [Jiyva's grace]
   982 | D        | Gained mutation: Your muscles are strong. (Str +2) [Jiyva's grace]
   982 | D        | Lost mutation: Your muscles are strong. (Str +2) [Jiyva's grace]
   984 | D        | Lost mutation: Your body has grown golden eyes which may confuse attackers. (Acc +3) [Jiyva's grace]
   984 | D        | Lost mutation: You are clumsy. (Dex -2) [Jiyva's grace]
   985 | D        | Gained mutation: Your skin changes colour to match your surroundings (Stealth+). [Jiyva's grace]
   985 | D        | Gained mutation: Your body has grown golden eyes which may confuse attackers. (Acc +3) [Jiyva's grace]
   985 | D        | Gained mutation: You are resistant to electric shocks. (rElec) [Jiyva's grace]
   985 | D        | Lost mutation: You are partially covered in rugged brown scales. (AC +1, +3% HP) [Jiyva's grace]
  1040 | D        | Noticed a deep elf mage
  1040 | D        | Noticed a deep elf mage
  1040 | D        | Noticed a deep elf knight
  1040 | D        | Noticed a deep elf mage
  1040 | D        | Noticed a deep elf mage
  1048 | D        | Noticed a demonic crawler
  1051 | D        | Noticed a demonic crawler
  1060 | D        | Killed a deep elf knight
  1060 | D        | Reached skill level 14 in Unarmed Combat
  1064 | D        | Killed a deep elf mage
  1064 | D        | Reached skill level 5 in Armour
  1064 | D        | Reached XP level 10. HP: 24/109 MP: 12/12
  1066 | D        | Killed a deep elf mage
  1068 | D        | Killed a deep elf mage
  1068 | D        | Reached skill level 10 in Fighting
  1068 | D        | Reached skill level 10 in Dodging
  1068 | D        | Reached skill level 5 in Evocations
  1075 | D        | Killed a deep elf mage
  1078 | D        | Gained mutation: Your spells are a little harder to cast, but a little more powerful. [Jiyva's grace]
  1082 | D        | Lost mutation: Your body has grown golden eyes which may confuse attackers. (Acc +3) [Jiyva's grace]
  1149 | D        | Noticed a deep elf demonologist
  1151 | D        | Noticed a deep elf annihilator
  1195 | D        | Noticed a centaur warrior
  1198 | D        | Killed a centaur warrior
  1212 | D        | Lost mutation: You have a small jelly attached to you that may absorb incoming projectiles. [Jiyva's grace]
  1215 | D        | Gained mutation: You have a small jelly attached to you that senses nearby items. [Jiyva's grace]
  1236 | D        | Killed an unseen horror
  1238 | D        | Killed an unseen horror
  1238 | D        | Reached skill level 5 in Stealth
  1262 | D        | Gained mutation: You have acidic saliva. [Jiyva's grace]
  1270 | D        | Lost mutation: You are covered in slimy tendrils that may disarm your opponents. [Jiyva's grace]
  1281 | D        | Lost mutation: You have acidic saliva. [Jiyva's grace]
  1281 | D        | Gained mutation: You possess an exceptional clarity of mind. [Jiyva's grace]
  1281 | D        | Lost mutation: Your spells are a little harder to cast, but a little more powerful. [Jiyva's grace]
  1282 | D        | Reached XP level 11. HP: 52/119 MP: 14/14
  1284 | D        | Lost mutation: You have a pair of small horns on your head. [Jiyva's grace]
  1285 | D        | Lost mutation: You have a small jelly attached to you that senses nearby items. [Jiyva's grace]
  1288 | D        | Gained mutation: You are covered in slimy tendrils that may disarm your opponents. [Jiyva's grace]
  1289 | D        | Gained mutation: You evolve. [Jiyva's grace]
  1289 | D        | Gained mutation: You are dopey. (Int -2) [Jiyva's grace]
  1289 | D        | Lost mutation: Your skin changes colour to match your surroundings (Stealth+). [Jiyva's grace]
  1289 | D        | Gained mutation: Your translucent skin slightly reduces your foes' accuracy. (Stealth) [Jiyva's grace]
  1311 | D        | HP: 5/119 [poisoned by a killer bee]
  1317 | D        | HP: 5/119 [poisoned by a killer bee]
  1322 | D        | HP: 5/119 [poisoned by a killer bee]
  1333 | D        | Lost mutation: You can translocate small distances at will. [Jiyva's grace]
  1337 | D        | HP: 5/119 [poisoned by a killer bee]
  1346 | D        | Gained mutation: Your rubbery body absorbs attacks. (AC +1, EV +1) [Jiyva's grace]
  1346 | D        | Lost mutation: You possess an exceptional clarity of mind. [Jiyva's grace]
  1424 | D        | Gained mutation: You expend magic power (3 MP) to strengthen your wands. [Jiyva's grace]
  1424 | D        | Gained mutation: You are agile. (Dex +2) [Jiyva's grace]
  1430 | D        | Gained mutation: You have acidic saliva. [Jiyva's grace]
  1436 | D        | Gained mutation: You are partially covered in large bone plates. (SH +4) [Jiyva's grace]
  1447 | D        | Reached skill level 15 in Unarmed Combat
  1499 | D        | Gained mutation: Your body has grown golden eyes which may confuse attackers. (Acc +3) [Jiyva's grace]
  1604 | D        | Lost mutation: Your body has grown golden eyes which may confuse attackers. (Acc +3) [Jiyva's grace]
  1660 | D        | Noticed a lindwurm
  1679 | D        | Killed a lindwurm
  1690 | D        | Noticed Urug
  1695 | D        | Killed Urug
  1699 | D        | Noticed an eight-headed hydra
  1699 | D        | Noticed an eight-headed hydra
  1762 | D        | Noticed a dire elephant
  1762 | D        | Noticed a dire elephant
  1762 | D        | Noticed Gastronok
  1773 | D        | Killed a dire elephant
  1784 | D        | Killed a dire elephant
  1940 | D        | Killed Gastronok
  1940 | D        | Reached skill level 16 in Unarmed Combat
  1940 | D        | Reached XP level 12. HP: 101/132 MP: 15/17
  1952 | D        | Gained mutation: You have a small jelly attached to you that may absorb incoming projectiles. [Jiyva's grace]
  1956 | D        | Lost mutation: You are agile. (Dex +2) [Jiyva's grace]
  1958 | D        | Lost mutation: You are covered in slimy tendrils that may disarm your opponents. [Jiyva's grace]
  1964 | D        | Gained mutation: Your flesh is cold resistant. (rC+) [Jiyva's grace]
  1966 | D        | Lost mutation: You are dopey. (Int -2) [Jiyva's grace]
  1967 | D        | Gained mutation: You have a small jelly attached to you that senses nearby items. [Jiyva's grace]
  1971 | D        | Gained mutation: You have large cloven feet. [Jiyva's grace]
  1977 | D        | Gained mutation: You are resistant to hostile enchantments. (MR+) [Jiyva's grace]
  1979 | D        | Gained mutation: You have an increased reservoir of magic. (+10% MP) [Jiyva's grace]
  1984 | D        | Noticed an azure jelly
  1984 | D        | Noticed an azure jelly
  1984 | D        | Noticed an azure jelly
  1985 | D        | Noticed an azure jelly
  1992 | D        | Noticed a death yak
  1993 | D        | Noticed a death yak
  1993 | D        | Noticed a death yak
  1995 | D        | Noticed a death yak
  2000 | D        | Killed a death yak
  2004 | D        | Killed a death yak
  2005 | D        | Killed a death yak
  2005 | D        | Killed Rupert
  2007 | D        | Lost mutation: Your rubbery body absorbs attacks. (AC +1, EV +1) [Jiyva's grace]
  2007 | D        | Gained mutation: Armour fits poorly on your strangely shaped body. [Jiyva's grace]
  2011 | D        | Killed a death yak
  2013 | D        | Gained mutation: Your spells are a little harder to cast, but a little more powerful. [Jiyva's grace]
  2013 | D        | Lost mutation: You have large cloven feet. [Jiyva's grace]
  2032 | D        | Lost mutation: You are resistant to hostile enchantments. (MR+) [Jiyva's grace]
  2087 | D        | Lost mutation: You are resistant to electric shocks. (rElec) [Jiyva's grace]
  2089 | D        | Gained mutation: You are covered in slimy tendrils that may disarm your opponents. [Jiyva's grace]
  2093 | D        | Lost mutation: Your spells are a little harder to cast, but a little more powerful. [Jiyva's grace]
  2094 | D        | Lost mutation: You have a small jelly attached to you that may absorb incoming projectiles. [Jiyva's grace]
  2104 | D        | Noticed an anaconda
  2104 | D        | Noticed an anaconda
  2104 | D        | Noticed an anaconda
  2104 | D        | Noticed an anaconda
  2105 | D        | Noticed an anaconda
  2122 | D        | Killed an anaconda
  2131 | D        | Lost mutation: Armour fits poorly on your strangely shaped body. [Jiyva's grace]
  2134 | D        | HP: 6/132 [anaconda (3)]
  2151 | D        | Gained mutation: Scrolls take you a little longer to read. [Jiyva's grace]
  2216 | D        | Killed an anaconda
  2279 | D        | Noticed an anaconda
  2296 | D        | Gained mutation: You have large cloven feet. [Jiyva's grace]
  2298 | D        | Gained mutation: You are partially covered in yellow scales. (AC +2) [Jiyva's grace]
  2301 | D        | Gained mutation: You are partially covered in molten scales. (AC +2) [Jiyva's grace]
  2327 | D        | Noticed an anaconda
  2331 | D        | Killed an anaconda
  2363 | D        | Killed an anaconda
  2440 | D        | Lost mutation: Your translucent skin slightly reduces your foes' accuracy. (Stealth) [Jiyva's grace]
  2440 | D        | Gained mutation: You are clumsy. (Dex -2) [Jiyva's grace]
  2442 | D        | Gained mutation: Your translucent skin slightly reduces your foes' accuracy. (Stealth) [Jiyva's grace]
  2452 | D        | Noticed a naga warrior
  2452 | D        | Noticed a nagaraja
  2475 | D        | HP: 6/133 [nagaraja (8)]
  2475 | D        | HP: 2/133 [nagaraja (4)]
  2476 | D        | Slain by a nagaraja

Vault maps used:
D:        dungeon_sprint_mu

Skill      XL: |  1  2  3  4  5  6  7  8  9 10 11 12 |
---------------+-------------------------------------+-----
Fighting       | 3 4 5 7 8 9 10 11 12 | 12.4
Dodging        | 3 4 5 7 8 9 10 11 12 | 12.4
Unarmed Combat | 4 5 6 7 9 11 12 13 14 16 | 16.5
Armour         | 2 5 6 9 |  9.7
Stealth        | 2 4 5 7 |  7.5
Evocations     | 2 4 6 8 |  8.9

Action                   |  1- 3 |  4- 6 |  7- 9 | 10-12 || total
-------------------------+-------+-------+-------+-------++-------
Melee: Unarmed           |    20 |    36 |    80 |   249 ||   385
       Punch             |       |       |     8 |    16 ||    24
       Headbutt          |       |       |     3 |     9 ||    12
       Bite              |       |       |       |    24 ||    24
       Kick              |       |       |       |    17 ||    17
Invok: Request Jelly     |       |       |     2 |     5 ||     7
Evoke: Fan of gales      |       |       |       |     3 ||     3
       Wand              |       |       |       |     8 ||     8
  Use: Potion            |     4 |     1 |     1 |     3 ||     9
       Scroll            |     2 |       |     1 |       ||     3
 Stab: Sleeping          |     2 |       |       |     8 ||    10
       Confused          |       |       |     1 |       ||     1
       Distracted        |       |       |       |     2 ||     2
  Eat: Chunk             |     5 |     1 |     8 |     5 ||    19
Armor: Robe              |     3 |     5 |    12 |    30 ||    50
Dodge: Dodged            |     4 |     8 |    33 |   173 ||   218
Block: Other             |       |       |       |    24 ||    24

Table legend:
 A = Spawn XP
 B = Non-spawn XP
 C = Spawn XP percentage of total XP
 D = Spawn monster count
 E = Non-spawn monster count
 F = Spawn count percentage of total count
 G = Total turns spent on level
                    A         B        C        D         E        F      G
               +---------+---------+-------+---------+---------+-------+---------
         Total |       0 |   29491 |   0.0 |       0 |     126 |   0.0 |  2476
               +---------+---------+-------+---------+---------+-------+---------
             D |       0 |   29491 |   0.0 |       0 |     126 |   0.0 |  2476
               +---------+---------+-------+---------+---------+-------+---------
